 Dungeon Crawl Stone Soup version 0.23.0-33-g5e6c059fef (webtiles) character file.

Game seed: 6675954981694917069

1999 Sasha32global the Cleaver (level 9, -5/71 HPs)
             Began as a Minotaur Berserker on Feb 27, 2019.
             Was an Elder of Trog.
             Succumbed to kobold's curare-tipped needle
             ... on level 9 of the Dungeon.
             The game lasted 00:32:58 (6808 turns).

Sasha32global the Cleaver (Minotaur Berserker)      Turns: 6808, Time: 00:32:59

Health: -5/71      AC: 16    Str: 28    XL:     9   Next: 2%
Magic:  8/8        EV: 10    Int:  4    God:    Trog [****..]
Gold:   441        SH:  0    Dex: 13    Spells: 8/8 levels left

rFire    + . .     SeeInvis .   H - +0 war axe (freeze)
rCold    + . .     Gourm    .   (no shield)
rNeg     . . .     Faith    .   m - +1 plate armour
rPois    +         Spirit   .   (helmet restricted)
rElec    +         Reflect  .   f - +0 cloak
rCorr    +         Harm     .   (no gloves)
MR       .....     Clarity  +   (no boots)
Stlth    ..........             (no amulet)
HPRegen  0.21/turn              x - +2 ring of strength
MPRegen  0.11/turn              r - ring of flight

@: lethally poisoned (-5 -> -60), about to teleport, resistant, slowed, very
slow
A: retaliatory headbutt, horns 2, agile 1, clarity, strong 1
a: Berserk, Trog's Hand, Brothers in Arms, Renounce Religion, Evoke Flight


You were on level 9 of the Dungeon.
You worshipped Trog.
Trog was greatly pleased with you.
You were not hungry.

You visited 2 branches of the dungeon, and saw 10 of its levels.

You collected 441 gold pieces.

Inventory:

Hand Weapons
 a - a +1 hand axe
 s - a +0 dagger
 D - a +4 hand axe
 H - a +0 war axe of freezing (weapon)
Missiles
 p - 163 stones (quivered)
Armour
 b - a +0 animal skin
 f - a +0 cloak (worn)
 m - a +1 plate armour (worn)
Jewellery
 d - an uncursed ring of see invisible
 r - a ring of flight (right hand)
 x - a +2 ring of strength (left hand)
 y - a +2 ring of intelligence
 z - an uncursed ring of magical power
Scrolls
 i - 4 scrolls of teleportation
 j - 7 scrolls of identify
 n - 2 scrolls of enchant armour
 t - a scroll of remove curse
 u - a scroll of fear
 w - a scroll of immolation
 B - a scroll of magic mapping
 I - 2 scrolls of random uselessness
 K - a scroll of enchant weapon
 L - a scroll of blinking
Potions
 e - a potion of lignification {unknown}
 g - a potion of agility {unknown}
 h - 2 potions of invisibility
 k - a potion of heal wounds {unknown}
 l - a potion of resistance
 o - a potion of magic
 q - a potion of berserk rage {unknown}
 v - a potion of might {unknown}
 A - a potion of cancellation {unknown}
 C - 2 potions of flight {unknown}
 E - 3 potions of curing {unknown}
 G - a potion of mutation
Comestibles
 c - 16 rations


   Skills:
 - Level 4.2 Fighting
 * Level 9.7 Axes
 * Level 9.0 Armour
 + Level 5.9 Dodging
 - Level 0.2 Stealth


You had 8 spell levels left.
You didn't know any spells.
Your spell library was empty.

Dungeon Overview and Level Annotations

Branches:
Dungeon (9/15)             Temple (1/1) D:6            Lair (0/6) D:9
    Orc: D:9-12

Altars:
Ashenzari
Cheibriados
Dithmenos
Elyvilon
Fedhas
Hepliaklqana
Kikubaaqudgha
Makhleb
Nemelex Xobeh
Okawaru
Qazlal
Ru
Sif Muna
Trog
Uskayaw
Vehumet
Wu Jian
Xom
Zin

Annotations:
D:8 exclusion: ice statue


Innate Abilities, Weirdness & Mutations

You reflexively headbutt those who attack you in melee.
You have a pair of horns on your head.
You are agile. (Dex +2)
You possess an exceptional clarity of mind.
Your muscles are strong. (Str +2)


Message History

You feel as though you will be slow longer.
The kobold shoots a curare-tipped needle.
The curare-tipped needle hits you.
You are more poisoned.
You have difficulty breathing.
* * * LOW HITPOINT WARNING * * *
You feel as though you will be slow longer.
You see here a curare-tipped needle.
As you read the scroll of teleportation, it crumbles to dust.
You feel strangely unstable.
* * * LOW HITPOINT WARNING * * *
You feel very sick.
The kobold shoots a curare-tipped needle.
The curare-tipped needle hits you.
You are more poisoned.
You have difficulty breathing.
* * * LOW HITPOINT WARNING * * *
You feel as though you will be slow longer.
You feel protected.
You die...

#.# #.# #.# #.# #.#
####.# #.#######
#....# #.#.....#
#.####### #.#.###.#
#.##.....
#.#.#.#.####....#***
#.#.#......[....# *
#.#@#.#.#######.#***
#.#)#.#.#.....#.#,,,
#.#(#,#.#....<..#,,,
#.#(#,#.#########,,,
#.#.#,#/#,,,*,,,,,,,
#.#.#,#.#,*,*,***,,,
#.#.#,#.#,*,,,,,,***
#.#K#,#.#,***,**,**,
#.#.#,#.#,,,,>,,,,*,


You could see a kobold.

Vanquished Creatures
  A deep elf mage (D:6)
  An ice beast (D:8)
  An orc warrior (D:6)
  A necrophage (D:5)
  A centaur (D:6)
  A big kobold (D:9)
  2 bullfrogs
  3 scorpions
  An oklob sapling (D:6)
  A howler monkey (D:4)
  A crimson imp (D:5)
  A bullfrog zombie (D:7)
  A centaur zombie (D:5)
  A hound (D:5)
  2 orc priests
  A centaur skeleton (D:4)
  A bullfrog skeleton (D:5)
  2 jellies
  5 orc wizards
  An iguana (D:5)
  3 worker ants
  Robin (D:3)
  A worker ant zombie (D:5)
  8 adders
  An ooze (D:1)
  2 adder skeletons
  4 dart slugs
  4 worms (D:3)
  2 leopard geckos (D:5)
  26 orcs
  5 giant cockroaches
  12 goblins
  9 hobgoblins
  3 jackals (D:2)
  14 kobolds
  A quokka (D:8)
  3 ball pythons
  11 bats
  9 frilled lizards
  A jackal skeleton (D:5)
  A leopard gecko skeleton (D:5)
  A leopard gecko zombie (D:6)
  A quokka zombie (D:8)
  5 rats
  5 plants (D:6)
162 creatures vanquished.

Vanquished Creatures (others)
  2 ufetubi (D:8)
2 creatures vanquished.

Grand Total: 164 creatures vanquished

Notes
Turn   | Place    | Note
-------+----------+-------------------------------------------
     0 | D:1      | Sasha32global the Minotaur Berserker began the quest for
                  | the Orb.
     0 | D:1      | Reached XP level 1. HP: 19/19 MP: 0/0
   113 | D:1      | Reached XP level 2. HP: 24/27 MP: 1/1
   377 | D:1      | Reached XP level 3. HP: 29/33 MP: 2/2
  1076 | D:2      | Reached ** piety under Trog
  1262 | D:2      | Reached XP level 4. HP: 40/40 MP: 3/3
  1866 | D:3      | Found a bloodstained altar of Trog.
  1887 | D:3      | Reached skill level 5 in Axes
  2415 | D:3      | Noticed Robin
  2431 | D:3      | Reached XP level 5. HP: 46/46 MP: 4/4
  2442 | D:3      | Killed Robin
  2450 | D:3      | Reached *** piety under Trog
  2514 | D:3      | Gained mutation: Scrolls take you a little longer to read.
                  | [potion of mutation]
  2514 | D:3      | Gained mutation: You have sharp toenails. [potion of
                  | mutation]
  2514 | D:3      | Gained mutation: You are surrounded by a mild repulsion
                  | field. (EV +2) [potion of mutation]
  2514 | D:3      | Gained mutation: You have a pair of large horns on your
                  | head. [potion of mutation]
  2567 | D:3      | Found a glowing silver altar of Zin.
  2586 | D:3      | Found a shimmering altar of Xom.
  2589 | D:3      | Found a burning altar of Makhleb.
  2590 | D:3      | Found a stormy altar of Qazlal.
  2591 | D:3      | Found a blossoming altar of Fedhas.
  2853 | D:4      | Reached XP level 6. HP: 41/52 MP: 5/5
  3348 | D:5      | Entered Level 5 of the Dungeon
  3364 | D:5      | Reached skill level 5 in Armour
  3647 | D:5      | Reached XP level 7. HP: 56/59 MP: 6/6
  4350 | D:5      | Found an ornate altar of the Wu Jian Council.
  5188 | D:6      | Found a staircase to the Ecumenical Temple.
  5206 | D:6      | Reached XP level 8. HP: 66/66 MP: 7/7
  5208 | Temple   | Entered the Ecumenical Temple
  5652 | D:6      | Lost mutation: You have a pair of large horns on your head.
                  | [potion of mutation]
  5652 | D:6      | Lost mutation: Scrolls take you a little longer to read.
                  | [potion of mutation]
  5652 | D:6      | Lost mutation: You have sharp toenails. [potion of
                  | mutation]
  5652 | D:6      | Lost mutation: You are surrounded by a mild repulsion
                  | field. (EV +2) [potion of mutation]
  5652 | D:6      | Gained mutation: Your muscles are strong. (Str +2) [potion
                  | of mutation]
  5652 | D:6      | Gained mutation: You possess an exceptional clarity of
                  | mind. [potion of mutation]
  5652 | D:6      | Gained mutation: You are agile. (Dex +2) [potion of
                  | mutation]
  5789 | D:6      | Found a shattered altar of Ashenzari.
  5885 | D:6      | Noticed a deep elf mage
  5894 | D:6      | Killed a deep elf mage
  5894 | D:6      | Reached skill level 5 in Dodging
  6025 | D:7      | You fall through a shaft!
  6071 | D:8      | Noticed an ice devil
  6072 | D:8      | Noticed an ice devil
  6072 | D:8      | Noticed an ice devil
  6080 | D:8      | Noticed an ice devil
  6099 | D:8      | Noticed an ice devil
  6111 | D:8      | Noticed an ice statue
  6368 | D:8      | Found a deep blue altar of Sif Muna.
  6492 | D:8      | Found a snail-covered altar of Cheibriados.
  6780 | D:9      | Reached **** piety under Trog
  6782 | D:9      | Reached XP level 9. HP: 71/71 MP: 8/8
  6807 | D:9      | HP: 2/71 [asphyx]
  6808 | D:9      | Succumbed to kobold's curare-tipped needle

Skill      XL: |  1  2  3  4  5  6  7  8 |
---------------+-------------------------+-----
Fighting       | 4 |  4.2
Axes           | 4 5 6 8 9 |  9.7
Armour         | 3 4 5 7 9 |  9.0
Dodging        | 3 4 5 |  5.9
Stealth        | |  0.2

Action                   |  1- 3 |  4- 6 |  7- 9 || total
-------------------------+-------+-------+-------++-------
Melee: Hand axe          |    82 |   146 |   143 ||   371
       Headbutt          |    11 |    19 |    52 ||    82
       Kick              |       |    14 |    61 ||    75
       War axe           |       |       |    52 ||    52
Invok: Berserk           |       |     1 |     1 ||     2
  Use: Scroll            |     2 |     5 |     9 ||    16
       Potion            |       |     6 |     2 ||     8
  Eat: Chunk             |     1 |     8 |     7 ||    16
       Ration            |       |       |     2 ||     2
Armor: Animal skin       |     3 |       |       ||     3
       Plate armour      |    39 |    73 |    50 ||   162
Dodge: Dodged            |    50 |    49 |    56 ||   155
